 Dungeon Crawl Stone Soup version 0.19-a0-1168-g98094fc (webtiles) character file.

8494 PurpleRed the Fencer (level 11, -5/121 HPs)
             Began as a High Elf Berserker on Aug 15, 2016.
             Was a Priest of Trog.
             Slain by Snorg (15 damage)
             ... on level 12 of the Dungeon.
             The game lasted 00:35:39 (4506 turns).

PurpleRed the Fencer (High Elf Berserker)           Turns: 4506, Time: 00:35:39

Health: -5/121     AC: 14    Str: 30    XL:     11   Next: 10%
Magic:  12/12      EV:  7    Int: 12    God:    Trog [***...]
Gold:   234        SH:  9    Dex: 15    Spells: 0 memorised, 10 levels left

rFire  + + .     SeeInvis .     a - +1 long sword (slice)
rCold  . . .     Gourm    .     j - +0 chain mail
rNeg   . . .     Faith    .     y - +0 shield
rPois  .         Spirit   .     r - +1 helmet
rElec  .         Dismiss  .     (no cloak)
rCorr  .         Reflect  .     C - +2 pair of gloves of Boyll {rF+ Str+6}
MR     +++..     Harm     .     (no boots)
Stlth  ..........               (no amulet)
                                s - ring of wizardry
                                p - ring of protection from fire

@: berserking (expiring), regenerating, very quick
A: no striking features
a: Berserk, Trog's Hand, Burn Spellbooks, Renounce Religion


You were on level 12 of the Dungeon.
You worshipped Trog.
Trog was most pleased with you.
You were not hungry.

You visited 2 branches of the dungeon, and saw 14 of its levels.
You also visited: Bailey.

You collected 571 gold pieces.
You spent 337 gold pieces at shops.

Inventory:

Hand Weapons
 a - a +1 long sword of slicing (weapon)
 w - a +0 arbalest
Missiles
 m - 11 curare-tipped needles
 D - 86 bolts
 G - 7 tomahawks of returning (quivered)
Armour
 j - a +0 chain mail (worn)
 r - a +1 helmet (worn)
 y - a +0 shield (worn)
 C - the +2 pair of gloves of Boyll (worn) {rF+ Str+6}
   (You acquired it on level 11 of the Dungeon)

   It affects your strength (+6).
   It protects you from fire.
Jewellery
 p - a ring of protection from fire (left hand)
 s - a ring of wizardry (right hand)
Wands
 t - a wand of random effects (23/48)
 u - a wand of flame (17/48)
 z - a wand of digging (18/24)
 B - a wand of flame (11/48)
Scrolls
 b - 4 scrolls of teleportation
 e - 2 scrolls of enchant armour
 g - 2 scrolls of amnesia
 o - 3 scrolls of remove curse
 q - a scroll of noise {unknown}
 E - 3 scrolls of enchant weapon
Potions
 f - a potion of brilliance {unknown}
 i - 2 potions of haste
 k - a potion of agility {unknown}
 l - 2 potions of cure mutation
 n - a potion of flight
 v - 3 potions of curing
 A - a potion of might
 F - a potion of mutation {unknown}
Comestibles
 c - 6 bread rations
 d - 6 chunks of flesh
 h - 3 fruits
 x - 3 meat rations


   Skills:
 + Level 10.0 Fighting
 * Level 15.8 Long Blades
 + Level 4.2 Armour
 - Level 2.1 Dodging


You had 10 spell levels left.
You didn't know any spells.

Dungeon Overview and Level Annotations

Branches:
Dungeon (13/15)            Temple (1/1) D:6
   Lair: D:8-11         Orc: D:9-12      Vaults: D:13-14

Altars:
Cheibriados
Dithmenos
Elyvilon
Fedhas
Gozag
Hepliaklqana
Makhleb
Nemelex Xobeh
Okawaru
Pakellas
Qazlal
Ru
Trog
Uskayaw
Vehumet
Yredelemnul
Zin
The Shining One

Shops:
D:7 !*(

Annotations:
D:12 Snorg


Message History

You closely miss Snorg.
Snorg is heavily wounded.
Snorg bites you! Snorg claws you but does no damage. Snorg claws you.
* * * LOW HITPOINT WARNING * * *
You slice Snorg!!
Snorg is severely wounded.
Snorg bites you!!
* * * LOW HITPOINT WARNING * * *
Snorg claws you but does no damage. Snorg claws you.
* * * LOW HITPOINT WARNING * * *
You slash Snorg!
Snorg is almost dead.
Snorg bites you but does no damage. You block Snorg's attack.
Snorg closely misses you.
Your shield prevents you from hitting Snorg.
Snorg is almost dead.
You barely miss Snorg.
Snorg is almost dead.
Snorg bites you!
You die...

#.?.# ##..# #..# ##.# ..
... ##..#####... ..
##............
#............
#..##..####..# ....#
#..# #..# #### #T.# #..#
######@.####..#########
.........)..............
........................
..?..........#####..####
............(# #..#
............(#####..####
................†>......
................).......
#######################


You could see Snorg (berserk).

Vanquished Creatures
  A centaur warrior (D:12)
  The ghost of PurpleRed the Cleaver, a novice HuBe of Trog (D:8)
  2 hill giants
  A manticore (D:12)
  A gargoyle (D:11)
  A centaur skeleton (D:12)
  A kobold demonologist (D:11)
  A two-headed ogre (D:10)
  A spriggan (D:9)
  9 yaks
  A hungry ghost (D:11)
  3 hippogriffs
  A mottled dragon (D:11)
  7 orc warriors
  3 ice beasts
  An ogre (D:9)
  A centaur (D:4)
  A crocodile (D:11)
  A big kobold (D:7)
  Blork the orc (D:4)
  2 giant frogs
  A wyvern skeleton (D:10)
  2 scorpions
  5 killer bees
  A howler monkey (D:5)
  3 jellies
  3 centaur zombies
  A giant frog zombie (D:7)
  4 hounds
  A giant frog skeleton (D:8)
  3 orc wizards
  3 orc priests
  An iguana (D:8)
  6 worker ants
  The ghost of PurpleRed the Slasher, a weakling HEBe of Trog (D:4)
  A howler monkey zombie (D:5)
  4 worker ant zombies
  4 adders
  7 gnolls
  A shadow imp (D:9)
  3 oozes
  An adder skeleton (D:5)
  6 giant geckos
  25 orcs
  2 giant cockroaches
  4 hobgoblins
  4 jackals (D:1)
  7 kobolds
  4 quokkas
  4 giant newts
  A jackal zombie (D:9)
  3 rats
157 creatures vanquished.

Notes
Turn   | Place    | Note
-------+----------+-------------------------------------------
     0 | D:1      | PurpleRed the High Elf Berserker began the quest for the Orb.
     0 | D:1      | Reached XP level 1. HP: 16/16 MP: 2/2
    87 | D:1      | Reached skill level 4 in Long Blades
   157 | D:2      | Reached XP level 2. HP: 15/21 MP: 3/3
   164 | D:2      | Reached XP level 3. HP: 16/26 MP: 4/4
   186 | D:2      | HP: 1/26 [giant gecko (3)]
   232 | D:2      | Reached skill level 5 in Long Blades
   358 | D:3      | Reached ** piety under Trog
   363 | D:3      | Found a faded altar of an unknown god.
   390 | D:3      | Reached XP level 4. HP: 15/33 MP: 5/5
   453 | D:4      | Noticed Blork the orc
   470 | D:4      | Killed Blork the orc
   470 | D:4      | Reached skill level 6 in Long Blades
   470 | D:4      | Reached XP level 5. HP: 23/37 MP: 6/6
   522 | D:4      | Noticed a centaur
   537 | D:4      | Killed a centaur
   556 | D:4      | Found a blossoming altar of Fedhas.
   557 | D:4      | Found a stormy altar of Qazlal.
   600 | D:4      | Reached skill level 7 in Long Blades
   600 | D:4      | Reached XP level 6. HP: 44/44 MP: 7/7
   617 | D:5      | Entered Level 5 of the Dungeon
   683 | D:4      | Noticed PurpleRed's ghost (weakling HEBe)
   690 | D:4      | Killed PurpleRed's ghost
   762 | D:5      | Noticed an ice beast
   770 | D:5      | Killed an ice beast
   774 | D:5      | Reached skill level 5 in Fighting
   857 | D:5      | Reached skill level 8 in Long Blades
   925 | D:5      | Reached XP level 7. HP: 50/50 MP: 8/8
  1162 | D:6      | Found a staircase to the Ecumenical Temple.
  1171 | Temple   | Entered the Ecumenical Temple
  1230 | D:7      | Found Kiug's Weapon Shoppe.
  1265 | D:7      | Bought a +1 long sword of slicing for 122 gold pieces
  1277 | D:7      | Reached skill level 9 in Long Blades
  1365 | D:7      | Noticed a hippogriff
  1403 | D:7      | Killed a hippogriff
  1403 | D:7      | Reached XP level 8. HP: 12/57 MP: 9/9
  1508 | D:8      | Found an iron altar of Okawaru.
  1548 | D:8      | Reached skill level 10 in Long Blades
  1598 | D:8      | Noticed PurpleRed's ghost (novice HuBe)
  1620 | D:8      | Killed PurpleRed's ghost
  1620 | D:8      | Reached skill level 11 in Long Blades
  1827 | D:7      | Reached XP level 9. HP: 64/64 MP: 10/10
  1910 | D:8      | Found a white marble altar of Elyvilon.
  1960 | D:8      | Found a basalt altar of Yredelemnul.
  2039 | D:7      | Found Busas's General Store.
  2043 | D:7      | Bought a potion of curing for 30 gold pieces
  2043 | D:7      | Bought a potion of invisibility for 80 gold pieces
  2140 | D:7      | Reached skill level 12 in Long Blades
  2171 | D:7      | Found Ketzoit's Distillery.
  2181 | D:7      | Bought a potion of might for 60 gold pieces
  2181 | D:7      | Bought a potion of flight for 45 gold pieces
  2305 | D:7      | Found a sparkling altar of Nemelex Xobeh.
  2309 | D:7      | Found a bloodstained altar of Trog.
  2402 | D:9      | Noticed a hill giant
  2431 | D:9      | Killed a hill giant
  2440 | D:10     | Entered Level 10 of the Dungeon
  2590 | D:9      | Found a sparkling altar of Nemelex Xobeh.
  2720 | D:9      | Reached skill level 13 in Long Blades
  2924 | D:9      | Reached *** piety under Trog
  3102 | D:11     | Noticed a hill giant
  3210 | D:10     | Reached XP level 10. HP: 35/73 MP: 11/11
  3221 | D:10     | Reached skill level 14 in Long Blades
  3286 | D:11     | Killed a hill giant
  3375 | D:11     | Found a flagged portal.
  3434 | Bailey   | Entered a bailey
  3576 | Bailey   | HP: 3/74 [orc warrior/bolt (9)]
  3779 | Bailey   | Noticed an orc knight
  3892 | D:11     | Identified a scroll of acquirement
  3893 | D:11     | Got a pair of brightly glowing gloves
  3904 | D:11     | Identified the +2 pair of gloves of Boyll {rF+ Str+6} (You acquired it on level 11 of the Dungeon)
  3920 | D:11     | Noticed a gargoyle
  3925 | D:11     | Reached skill level 15 in Long Blades
  3928 | D:11     | Killed a gargoyle
  3983 | D:11     | Noticed a hill giant
  4076 | D:11     | Noticed a death knight
  4262 | D:13     | Noticed a centaur warrior
  4262 | D:13     | Noticed a hill giant
  4387 | D:12     | Noticed a manticore
  4389 | D:13     | Noticed a centaur warrior
  4400 | D:12     | Killed a centaur warrior
  4400 | D:12     | Reached skill level 10 in Fighting
  4400 | D:12     | Reached XP level 11. HP: 67/81 MP: 12/12
  4473 | D:12     | Noticed Snorg
  4506 | D:12     | Slain by Snorg

Vault maps used:
D:1:      ncdulo_wetmaze
D:3:      ecumenical_altar_2, grunt_ministairs_14
D:4:      grunt_temple_overflow_forces_of_nature, first_bread,
          uniq_blork_the_orc
D:6:      kennysheep_cluttered_room, hangedman_abyss_or_decor_passed
D:7:      grunt_temple_overflow_open, serial_shops, shop, shop_coins, shop,
          kennysheep_generic_room_8
D:8:      kennysheep_ying_yang, kennysheep_mini, david_lair_shrubbed
D:9:      the_bakery, nemelex_dance_club_becter
D:10:     minivault_4, kennysheep_island_fort
D:11:     enter_bailey_2
D:12:     orc_0_dummy, serial_shops, nicolae_shop_waterfront,
          grunt_decor_clamped, minmay_tree_intersection,
          nemelex_diamond_rough_becter, uniq_snorg
D:13:     david_vaults_4, grunt_ministairs_7, uniq_sonja, uniq_maurice
Temple:   eino_wide_crystal_templ
Bailey:   bailey_polearm_2, bailey

Skill      XL: |  1  2  3  4  5  6  7  8  9 10 |
---------------+-------------------------------+-----
Long Blades    | 4 5 6 7 8 9 11 13 15 | 15.8
Fighting       | 4 5 6 7 8 10 | 10.0
Armour         | 4 |  4.2
Dodging        | |  2.1

Action                   |  1- 3 |  4- 6 |  7- 9 | 10-12 || total
-------------------------+-------+-------+-------+-------++-------
Melee: Falchion          |    71 |    92 |    40 |       ||   203
       Long sword        |       |       |   302 |   196 ||   498
 Fire: Arbalest          |       |       |       |    15 ||    15
Invok: Berserk           |     4 |     6 |    10 |    10 ||    30
       Trog's Hand       |       |     4 |     4 |    10 ||    18
Evoke: Wand              |       |       |     1 |       ||     1
  Use: Scroll            |       |     9 |     4 |     5 ||    18
       Potion            |       |       |       |     4 ||     4
 Stab: Sleeping          |       |       |     1 |       ||     1
       Invisible         |       |       |       |     4 ||     4
  Eat: Chunk             |     2 |     9 |    16 |    13 ||    40
       Bread ration      |       |       |     1 |     1 ||     2
       Pizza             |       |       |       |     1 ||     1
Armor: Animal skin       |     6 |       |       |       ||     6
       Leather armour    |     4 |    15 |    26 |       ||    45
       Scale mail        |       |       |    23 |       ||    23
       Chain mail        |       |       |    62 |    77 ||   139
       Skin              |       |       |       |     4 ||     4
Dodge: Dodged            |    33 |    46 |   129 |    38 ||   246
Block: Shield            |       |       |       |    47 ||    47
